 Dungeon Crawl Stone Soup version 0.30-a0-591-g3c58d2bc28 (webtiles) character file.

Game seed: 9872901411424193775

40 hikkokomori the Conjurer (level 3, -1/21 HPs)
             Began as an Octopode Conjurer on Jan 6, 2023.
             Constricted to death by Sigmund (3 damage)
             ... on level 2 of the Dungeon.
             The game lasted 00:01:11 (1333 turns).

hikkokomori the Conjurer (Octopode Conjurer)        Turns: 1333, Time: 00:01:12

Health: -1/21      AC:  1    Str:  6    XL:     3   Next: 50%
Magic:  4/6        EV: 10    Int: 22    God:
Gold:   55         SH:  0    Dex: 10    Spells: 3/6 levels left

rFire   . . .      SeeInvis .    (no weapon)
rCold   . . .      Faith    .    (no shield)
rNeg    . . .      Spirit   .    (helmet restricted)
rPois   .          Reflect  .    (no amulet)
rElec   .          Harm     .    (no ring)
rCorr   .          Rampage  .    (no ring)
Will    .....                    (no ring)
Stlth   ++                       (no ring)
HPRegen 0.23/turn                (no ring)
MPRegen 0.10/turn                (no ring)
                                 (no ring)
                                 (no ring)

@: confused, grasped by roots, constricted
A: almost no armour, amphibious, 8 rings, camouflage 1, gelatinous body 1,
(nimble swimmer 1), tentacles
a: no special abilities


You were on level 2 of the Dungeon.
You visited 1 branch of the dungeon, and saw 2 of its levels.

You collected 55 gold pieces.

Inventory:

Armour
 c - a +0 kite shield
Scrolls
 b - 2 scrolls of identify
 f - a scroll of poison
Potions
 a - a potion of magic
 d - a potion of berserk rage {unknown}
 e - a potion of might {unknown}


   Skills:
 - Level 2.3 Dodging
 - Level 3.2 Stealth
 - Level 2.2 Spellcasting
 + Level 4.6 Conjurations


You had 3 spell levels left.
You knew the following spells:

 Your Spells              Type           Power      Damage    Failure   Level
a - Magic Dart            Conj           88%        1d7       1%          1
b - Searing Ray           Conj           44%        2d6       3%          2

Your spell library contained the following spells:

 Spells                   Type           Power      Damage    Failure   Level
 Dazzling Flash           Conj/Hex       24%        N/A       16%         3
 Fulminant Prism          Conj/Hex       6%         3d7       45%         4
 Iskenderun's Mystic Bla  Conj/Tloc      12%        2d5       45%         4


Dungeon Overview and Level Annotations

Branches:
Dungeon (2/15)

Altars:

Annotations:
D:2 Sigmund


Innate Abilities, Weirdness & Mutations

You cannot wear most types of armour.
You are amphibious.
You can wear up to eight rings at the same time.
Your skin changes colour to match your surroundings (Stealth+).
Your rubbery body absorbs attacks. (AC +1, EV +1)
((You are camouflaged when in or above water. (Stealth+)))
You have tentacles for arms and can constrict up to eight enemies at once.


Message History

Magic restored.
Found a leather armour.
You can't see any susceptible monsters within range! (Use Z to cast anyway.)
You see here a +1 helmet.
You see here a +1 helmet.
Found 5 stones.
You see here 5 stones.
You now have 55 gold pieces (gained 12).
Sigmund the Dreaded comes into view.
He is wielding a +0 scythe and carrying a wand of roots (11).
The magic dart hits Sigmund.
Sigmund is lightly wounded.
Sigmund shouts!
Sigmund is nearby!
The magic dart hits Sigmund.
Sigmund is lightly wounded.
Sigmund is nearby!
The magic dart hits Sigmund.
Sigmund is lightly wounded.
Sigmund zaps a wand.
The roots erupt in riotous growth!
The grasping roots grab you! The grasping roots constrict you.
You escape the roots grasp.
As you read the scroll labelled RAGOPSILEO, it crumbles to dust.
It is a scroll of identify.
f - a scroll of poison
Okay, then.
Sigmund zaps a wand.
The roots erupt in riotous growth!
The grasping roots grab you! The grasping roots constrict you.
You escape the roots grasp.
Sigmund gestures at you while chanting.
You are confused.
Sigmund asks, "Do you like me?" Sigmund gestures at you while chanting.
The magic dart hits you!
* * * LOW HITPOINT WARNING * * *
Sigmund zaps a wand.
The roots erupt in riotous growth!
The grasping roots grab you! The grasping roots constrict you.
You die...

#.# #.######## #.#
#.# ########.## #@#
..........# #.#
########..# #.#
#..# #.# #..# #.#
########..#######.#
................@.#
###################


You could see Sigmund.

Vanquished Creatures
  A dart slug (D:1)
  2 ball pythons (D:1)
  5 endoplasms (D:1)
  3 giant cockroaches (D:1)
  7 goblins
  3 hobgoblins (D:1)
  2 kobolds (D:1)
  A quokka (D:1)
  3 bats (D:1)
  2 frilled lizards (D:1)
  3 rats (D:1)
32 creatures vanquished.

Notes
Turn   | Place    | Note
-------+----------+-------------------------------------------
     0 | D:1      | hikkokomori the Octopode Conjurer began the quest for the
                  | Orb.
     0 | D:1      | Reached XP level 1. HP: 11/11 MP: 3/3
    85 | D:1      | Reached XP level 2. HP: 17/17 MP: 0/5
   417 | D:1      | Learned a level 2 spell: Searing Ray
   481 | D:1      | Reached XP level 3. HP: 21/21 MP: 2/6
  1318 | D:2      | Noticed Sigmund
  1333 | D:2      | Constricted to death by Sigmund

Illustrated notes

Levels and vault maps discovered:
D:1:      mushboom_english_gardens, layout_basic, minmay_misc_feat_four_crosses
D:2:      minmay_roachtagon, layout_loops_ring, basic_ecumenical_altar,
          uniq_crazy_yiuf_cottage, uniq_robin, uniq_sigmund

Skill      XL: |  1 |
---------------+----+-----
Stealth        | 3 |  3.2
Dodging        | |  2.3
Spellcasting   | |  2.2
Conjurations   | |  4.6

Action                   || total
-------------------------++-------
Melee: Unarmed           ||    14
       Tentacles         ||     5
       Constrict         ||     3
 Cast: Magic Dart        ||    56
  Use: Scroll            ||     1
Armor: Skin              ||     1
Dodge: Dodged            ||     8

Table legend: (Time is in decaauts)
 A = Elapsed time spent in this place.
 B = Non-inter-level travel time spent in this place.
 C = Inter-level travel time spent in this place.
 D = Time resting spent in this place.
 E = Time spent auto-exploring this place.
 F = Levels seen in this place.
 G = Mean time per level.
                   A        B        C        D        E       F      G
               +--------+--------+--------+--------+--------+-----+--------+
         Total |   1332 |   1265 |     67 |      0 |   1116 |   2 |  666.0 |
       Dungeon |   1332 |   1265 |     67 |      0 |   1116 |   2 |  666.0 |
               +--------+--------+--------+--------+--------+-----+--------+

Top non-repeatable levels by time:
     D:1: 1218 daAuts
     D:2: 114 daAuts
